 Dungeon Crawl Stone Soup version 0.22-a0-480-g991dd4b (webtiles) character file.

173 galech the Skirmisher (level 5, 0/57 HPs)
             Began as an Ogre Berserker on June 15, 2018.
             Was a Believer of Trog.
             Slain by an orc wizard
             ... wielding a +0 dagger
              (4 damage)
             ... on level 3 of the Dungeon.
             The game lasted 00:03:05 (2366 turns).

galech the Skirmisher (Ogre Berserker)              Turns: 2366, Time: 00:03:05

Health: 0/57       AC:  4    Str: 22    XL:     5   Next: 53%
Magic:  5/5        EV: 10    Int:  8    God:    Trog [**....]
Gold:   176        SH:  0    Dex:  8    Spells: 4/4 levels left

rFire    . . .     SeeInvis .   g - -2 whip (curse)
rCold    . . .     Gourm    .   (no shield)
rNeg     . . .     Faith    .   b - +1 animal skin
rPois    .         Spirit   .   (helmet restricted)
rElec    .         Reflect  .   (no cloak)
rCorr    .         Harm     .   (gloves unavailable)
MR       ++...                  (boots unavailable)
Stlth    +.........             (no amulet)
HPRegen  1.19/turn              (no ring)
MPRegen  0.09/turn              (no ring)

@: about to teleport, regenerating
A: large, unfitting armour, tough skin 1
a: Berserk, Trog's Hand, Renounce Religion


You were on level 3 of the Dungeon.
You worshipped Trog.
Trog was pleased with you.
You were hungry.

You visited 1 branch of the dungeon, and saw 3 of its levels.

You collected 176 gold pieces.

Inventory:

Hand Weapons
 a - a +0 mace
 g - a cursed -2 whip (weapon)
Armour
 b - a +1 animal skin (worn)
Scrolls
 d - a scroll of enchant weapon
 e - 3 scrolls of identify
 h - 3 scrolls of blinking
 j - a scroll of enchant armour
Potions
 f - 2 potions of curing {unknown}
 i - a potion of cancellation {unknown}
Comestibles
 c - 4 rations


   Skills:
 + Level 5.2 Fighting
 + Level 4.1 Maces & Flails
 + Level 3.7 Dodging
 + Level 0.2 Stealth


You had 4 spell levels left.
You didn't know any spells.
Your spell library was empty.

Dungeon Overview and Level Annotations

Branches:
Dungeon (3/15)

Altars:
Makhleb


Innate Abilities, Weirdness & Mutations

You are too large for most types of armour.
You have tough skin. (AC +1)


Message History

The orc is almost dead.
You hear some strange, mumbled words.
A puff of flame appears from out of thin air!
The puff of flame hits you!
You barely miss the orc.
The orc is almost dead.
The orc hits you with a short sword of distortion.
Space warps horribly around you!
* * * LOW HITPOINT WARNING * * *
Something hits you.
* * * LOW HITPOINT WARNING * * *
Your skin crawls.
You feel resistant to hostile enchantments.
You feel somewhat more hungry.
The orc hits you with a short sword of distortion.
* * * LOW HITPOINT WARNING * * *
Space bends around you.
* * * LOW HITPOINT WARNING * * *
Something hits you.
You die...

########### ###
#.........### ... ###
#............ ###
#...#.........#
........{.....############
.........@o...............
.......<......#######.####
#...#.........# ##.# ##.
#.........# #<.# #
##.........# #..#
..####.##### #..# ##.#
#.##########..# #.#
#.#...........# #.#
#...########.##


You could see an orc.

Vanquished Creatures
  A centaur (D:3)
  A hound (D:2)
  An ooze (D:3)
  4 worms
  A dart slug (D:2)
  A leopard gecko (D:3)
  2 orcs (D:3)
  2 giant cockroaches
  5 goblins
  5 hobgoblins
  2 jackals (D:1)
  7 kobolds
  A quokka (D:2)
  8 bats
  4 frilled lizards
  3 rats
48 creatures vanquished.

Notes
Turn   | Place    | Note
-------+----------+-------------------------------------------
     0 | D:1      | galech the Ogre Berserker began the quest for the Orb.
     0 | D:1      | Reached XP level 1. HP: 24/24 MP: 1/1
   179 | D:1      | Reached XP level 2. HP: 30/32 MP: 2/2
   956 | D:2      | Reached XP level 3. HP: 40/40 MP: 3/3
  1083 | D:2      | Reached ** piety under Trog
  1445 | D:2      | Found a burning altar of Makhleb.
  1457 | D:2      | Reached XP level 4. HP: 26/49 MP: 4/4
  1781 | D:3      | Noticed a centaur
  1791 | D:3      | Killed a centaur
  1791 | D:3      | Reached skill level 5 in Fighting
  1791 | D:3      | Reached XP level 5. HP: 40/57 MP: 5/5
  2065 | D:3      | HP: 1/57 [worm (9)]
  2366 | D:3      | Slain by an orc wizard

Vault maps used:
D:1:      evilmike_arrival_crescent
D:2:      makhleb_heckhound_becter
D:3:      first_ration

Skill      XL: |  1  2  3  4 |
---------------+-------------+-----
Maces & Flails | 3 4 |  4.1
Dodging        | 3 |  3.7
Fighting       | 5 |  5.2
Stealth        | |  0.2

Action                   |  1- 3 |  4- 6 || total
-------------------------+-------+-------++-------
Melee: Mace              |    72 |       ||    72
       Whip              |    86 |    90 ||   176
Invok: Berserk           |     3 |     2 ||     5
       Trog's Hand       |       |     2 ||     2
  Use: Scroll            |     1 |     2 ||     3
  Eat: Chunk             |     1 |     5 ||     6
       Ration            |     1 |       ||     1
Armor: Animal skin       |    71 |    18 ||    89
Dodge: Dodged            |   104 |    28 ||   132

Table legend:
 A = Spawn XP
 B = Non-spawn XP
 C = Spawn XP percentage of total XP
 D = Spawn monster count
 E = Non-spawn monster count
 F = Spawn count percentage of total count
 G = Total turns spent on level
                    A         B        C        D         E        F      G
               +---------+---------+-------+---------+---------+-------+---------
         Total |       0 |     248 |   0.0 |       0 |      48 |   0.0 |  2366
               +---------+---------+-------+---------+---------+-------+---------
           D:1 |       0 |      27 |   0.0 |       0 |      16 |   0.0 |   695
           D:2 |       0 |      83 |   0.0 |       0 |      18 |   0.0 |  1001
           D:3 |       0 |     138 |   0.0 |       0 |      14 |   0.0 |   670
               +---------+---------+-------+---------+---------+-------+---------
